 Dungeon Crawl Stone Soup version 0.20.1-1-g8b1a95d (webtiles) character file.

172 Honti the Firebug (level 5, -4/38 HPs)
             Began as a Draconian Fire Elementalist on July 20, 2017.
             Was a Follower of Vehumet.
             Slain by an ogre
             ... wielding a +0 giant club
              (26 damage)
             ... on level 3 of the Dungeon.
             The game lasted 00:31:19 (4562 turns).

Honti the Firebug (Draconian Fire Elementalist)     Turns: 4562, Time: 00:31:20

Health: -4/38      AC:  8    Str: 10    XL:     5   Next: 27%
Magic:  8/9        EV: 12    Int: 17    God:    Vehumet [*.....]
Gold:   205        SH:  0    Dex: 11    Spells: 4/10 levels left

rFire    + . .     SeeInvis .   e - +0 dagger (pain)
rCold    . . .     Gourm    .   (no shield)
rNeg     . . .     Faith    .   (armour unavailable)
rPois    .         Spirit   .   (helmet restricted)
rElec    .         Reflect  .   (no cloak)
rCorr    .         Harm     .   (no gloves)
MR       .....                  d - +2 pair of boots {Stlth+}
Stlth    +++.......             (no amulet)
Regen    0.2/turn               m - ring of protection from fire
MPRegen  0.2/turn               (no ring)

@: no status effects
A: unfitting armour, cold-blooded, AC +5
a: Renounce Religion


You were on level 3 of the Dungeon.
You worshipped Vehumet.
Vehumet was aware of your devotion.
You were not hungry.

You visited 1 branch of the dungeon, and saw 4 of its levels.

You collected 205 gold pieces.

Inventory:

Hand Weapons
 e - a +0 dagger of pain (weapon)
Armour
 d - a +2 pair of boots of stealth (worn)
Jewellery
 g - an uncursed amulet of rage
 m - a ring of protection from fire (left hand)
Scrolls
 f - 4 scrolls of identify {unknown}
 i - 2 scrolls of teleportation {unknown}
 j - 2 scrolls of amnesia {unknown}
 k - 2 scrolls of remove curse
 n - a scroll of magic mapping {unknown}
 q - a scroll of random uselessness {unknown}
 r - a scroll of fog {unknown}
Potions
 o - a potion of might {unknown}
 p - a potion of degeneration {unknown}
Books
 a - a book of Flames

   Spells                             Type                      Level
   a - Flame Tongue                   Conjuration/Fire             1
   b - Throw Flame                    Conjuration/Fire             2
   c - Conjure Flame                  Conjuration/Fire             3
   d - Inner Flame                    Hexes/Fire                   3
   e - Sticky Flame                   Conjuration/Fire             4
   f - Fireball                       Conjuration/Fire             5
 h - Kikubaaqudgha's Disquisition on Evil
   (You found it on level 2 of the Dungeon)

   Spells                             Type                      Level
   a - Pain                           Necromancy                   1
Comestibles
 b - a bread ration
 c - 3 meat rations
 l - 4 chunks of flesh


   Skills:
 - Level 1.7 Dodging
 - Level 1.7 Stealth
 - Level 3.2 Spellcasting
 + Level 3.2 Conjurations
 + Level 4.2 Fire Magic


You had 4 spell levels left.
You knew the following spells:

 Your Spells              Type           Power        Failure   Level  Hunger
a - Flame Tongue          Conj/Fire      ###..        3%          1    None
b - Throw Flame           Conj/Fire      ###...       5%          2    ##.....
c - Inner Flame           Hex/Fire       #.......     22%         3    ###....


Dungeon Overview and Level Annotations

Branches:
Dungeon (4/15)
 Temple: D:4-7

Altars:
Fedhas
Gozag
Hepliaklqana
Kikubaaqudgha
Sif Muna
Vehumet
The Shining One

Annotations:
D:2 Sigmund


Innate Abilities, Weirdness & Mutations

Your plain brown scales are hard. (AC +5)
You cannot fit into any form of body armour.
You are cold-blooded and may be slowed by cold attacks.


Message History

There is an open door here.
There is a stone staircase leading up here.
Casting: Flame Tongue
Confirm with . or Enter, or press ? or * to list all spells.
Aiming: Flame Tongue
Press: ? - help, Shift-Dir - straight line, f - ogre
Aim: an ogre, wielding a giant club The flame tongue hits the ogre.
The ogre is moderately wounded.
The ogre hits you with a giant club!
Casting: Flame Tongue
Confirm with . or Enter, or press ? or * to list all spells.
Aiming: Flame Tongue
Press: ? - help, Shift-Dir - straight line, f/p - ogre
Aim: an ogre, wielding a giant club (moderately wounded)
The flame tongue hits the ogre.
The ogre is moderately wounded.
The ogre hits you with a giant club!!
Ouch! That really hurt!
You die...

#..######.# #.. ...# #..# #.# #.#
#.#### #..######.####### #.#
#####....# ..............).#
#.###........#
#...#####.#####.####............#
.....# #.# #.........##.###.#.<.
#...#####.# #.#.###..........####
..........# #.#.O##.#..#.#<#.#
##.######## # ##@##.#..#.#.#.#
#.# #.##.#..#.#.#.# ##'##
#.##.#......#.# #...##
.....#........# .....## ###
#.#######.##.## # ......##
##.###.# #.....# ##
.......####...##.######.._..####.
.......'.........(().....8.....'.
.......###......#.###...._.).###.


You could see an ogre.

Vanquished Creatures
  An orc priest (D:3)
  Terence (D:3)
  4 adders
  2 worms
  2 dart slugs
  2 leopard geckos
  5 orcs (D:3)
  4 giant cockroaches
  9 goblins
  8 hobgoblins
  8 kobolds
  3 ball pythons
  4 bats
  3 frilled lizards
  11 rats
67 creatures vanquished.

Notes
Turn   | Place    | Note
-------+----------+-------------------------------------------
     0 | D:1      | Honti the Draconian Fire Elementalist began the quest for the Orb.
     0 | D:1      | Reached XP level 1. HP: 14/14 MP: 3/3
   435 | D:1      | Reached XP level 2. HP: 16/20 MP: 0/5
  1130 | D:1      | Learned a level 2 spell: Throw Flame
  1278 | D:2      | Reached XP level 3. HP: 26/26 MP: 3/6
  1512 | D:2      | Noticed Sigmund
  1513 | D:2      | Found an ancient bone altar of Kikubaaqudgha.
  1573 | D:2      | Learned a level 3 spell: Inner Flame
  1761 | D:2      | Found an opulent altar of Gozag.
  2514 | D:2      | Found a deep blue altar of Sif Muna.
  2522 | D:2      | Found a radiant altar of Vehumet.
  2526 | D:2      | Identified Kikubaaqudgha's Disquisition on Evil
  2537 | D:2      | Became a worshipper of Vehumet
  2629 | D:3      | Found a glowing golden altar of the Shining One.
  2832 | D:3      | Found a blossoming altar of Fedhas.
  3197 | D:3      | Noticed Terence
  3381 | D:3      | Killed Terence
  3381 | D:3      | Reached XP level 4. HP: 33/33 MP: 0/8
  4005 | D:3      | Found a hazy altar of Hepliaklqana.
  4157 | D:3      | Reached skill level 4 in Fire Magic
  4354 | D:3      | Reached XP level 5. HP: 28/38 MP: 0/9
  4512 | D:4      | Noticed an ogre
  4519 | D:3      | Reached * piety under Vehumet
  4519 | D:3      | Offered knowledge of Sting by Vehumet.
  4530 | D:4      | Noticed a phantom
  4562 | D:3      | Slain by an ogre

Skill      XL: |  1  2  3  4 |
---------------+-------------+-----
Conjurations   | 2 3 |  3.2
Spellcasting   | 3 |  3.2
Fire Magic     | 4 |  4.2
Dodging        | |  1.7
Stealth        | |  1.7

Action                   |  1- 3 |  4- 6 || total
-------------------------+-------+-------++-------
Melee: Dagger            |    37 |    27 ||    64
       Tailslap          |     6 |     3 ||     9
 Cast: Flame Tongue      |    67 |    31 ||    98
       Throw Flame       |    10 |    11 ||    21
  Use: Potion            |     3 |       ||     3
       Scroll            |     1 |       ||     1
 Stab: Sleeping          |     2 |       ||     2
  Eat: Chunk             |     7 |     4 ||    11
       Royal jelly       |     1 |       ||     1
Armor: Skin              |    19 |    14 ||    33
Dodge: Dodged            |    49 |    24 ||    73
